MAA
ST. PETERSBURG UNIVERSE @ ELKFORD ROADRUNNERS
08/18/2017
 
TOP OF THE 1ST
St. Petersburg Universe batting - Pitching for Elkford Roadrunners : LHP César García
Pitching: LHP César García
Batting: RHB Jeffrey Avery 0-0: Called Strike
0-1: Ball
1-1: Ball
2-1: Foul Ball, location: 2F
2-2: Foul Ball, location: 2F
2-2: Ball
3-2: Base on Balls
Batting: SHB Frank Hood 0-0: Ball
1-0: Ball
2-0: Ball
3-0: Called Strike
3-1: Swinging Strike
3-2: Foul Ball, location: 2F
3-2: Strikes out looking
Batting: RHB Marvin Collier 0-0: SINGLE (Groundball, 3S)
Jeffrey Avery to second
Runner from 2nd tries for 3rd, SAFE, throw made to third
Batting: LHB Curtis Peters 0-0: Ball
1-0: Called Strike
1-1: Ball
2-1: SINGLE (Groundball, 3D)
Jeffrey Avery scores
Marvin Collier to second
Runner from 2nd tries for 3rd, SAFE, throw made to third
Curtis Peters to second
Batting: RHB Carlos Santos 0-0: Ball
1-0: Foul Ball, location: 2F
1-1: Ball
2-1: Called Strike
2-2: Ball
3-2: Base on Balls
Batting: RHB Júlio Santos 0-0: Called Strike
0-1: Ball
1-1: Called Strike
Balk!
Marvin Collier scores
Curtis Peters to third
Carlos Santos to second
1-2: Foul Ball, location: 2F
1-2: Foul Ball, location: 2F
1-2: Ball
2-2: Ball
3-2: Base on Balls
Batting: RHB Travis Lee 0-0: Called Strike
0-1: DOUBLE (Flyball, 78M)
Curtis Peters scores
Carlos Santos scores
Júlio Santos to third
Runner from 3rd tries for Home, SAFE, throw made at trailing runner, OUT at third!
Pitching: RHP Franklin Johnson
Batting: RHB Sam Horton 0-0: Ball
1-0: Swinging Strike
1-1: Called Strike
1-2: Fly out, F7 (Line Drive, 7LM)
Top of the 1st over - 5 run(s), 3 hit(s), 0 error(s), 0 left on base; St. Petersburg 5 - Elkford 0
BOTTOM OF THE 1ST
Elkford Roadrunners batting - Pitching for St. Petersburg Universe : RHP Allen Wilson
Pitching: RHP Allen Wilson
Batting: RHB Bartolo Liñares 0-0: SINGLE (Groundball, 56) (infield hit)
Batting: RHB Don Thomas 0-0: Called Strike
0-1: Swinging Strike
0-2: Ball
1-2: Fielders Choice at 2nd, 4-6 (Groundball, 4)
Batting: RHB Joaquín Chávez 0-0: Called Strike
0-1: Ball
1-1: Ball
2-1: Foul Ball, location: 2F
2-2: Ball
3-2: Grounds into double play, 6-4-3 (Groundball, 6)
Bottom of the 1st over - 0 run(s), 1 hit(s), 0 error(s), 0 left on base; St. Petersburg 5 - Elkford 0
TOP OF THE 2ND
St. Petersburg Universe batting - Pitching for Elkford Roadrunners : RHP Franklin Johnson
Now in LF: Jim Unknown
Batting: RHB Fernando Castro 0-0: Fly out, F5 (Line Drive, 5S)
Batting: RHB Jeffrey Avery 0-0: Called Strike
0-1: Ball
1-1: DOUBLE (Flyball, 7LM)
Batting: SHB Frank Hood 0-0: Foul Ball, location: 2F
0-1: Swinging Strike
0-2: Strikes out swinging
Batting: RHB Marvin Collier 0-0: Ball
1-0: Ground out 4-3 (Groundball, 4M)
Top of the 2nd over - 0 run(s), 1 hit(s), 0 error(s), 1 left on base; St. Petersburg 5 - Elkford 0
BOTTOM OF THE 2ND
Elkford Roadrunners batting - Pitching for St. Petersburg Universe : RHP Allen Wilson
Batting: RHB Jim Lee 0-0: Ball
1-0: Foul Ball, location: 2F
1-1: Ground out 3-1 (Groundball, 34)
Batting: RHB Jim Unknown 0-0: Called Strike
0-1: Hit by Pitch
Batting: LHB Derek Morse 0-0: Swinging Strike
0-1: Ball
1-1: Ball
Pickoff Throw by Catcher to First - Error! E2
Jim Unknown to second
2-1: Called Strike
2-2: Foul Ball, location: 2F
2-2: Ball
3-2: Fly out, F5 (Popup, 5F)
Batting: RHB Jake Castle 0-0: Called Strike
0-1: Foul Ball, location: 2F
0-2: Ball
1-2: Strikes out swinging
Bottom of the 2nd over - 0 run(s), 0 hit(s), 1 error(s), 1 left on base; St. Petersburg 5 - Elkford 0
TOP OF THE 3RD
St. Petersburg Universe batting - Pitching for Elkford Roadrunners : RHP Franklin Johnson
Batting: LHB Curtis Peters 0-0: Ball
1-0: Ball
2-0: Ball
3-0: Called Strike
3-1: Ground out 1-3 (Groundball, 15S)
Batting: RHB Carlos Santos 0-0: Called Strike
0-1: Swinging Strike
0-2: Strikes out swinging
Batting: RHB Júlio Santos 0-0: Ball
1-0: Foul Ball, location: 2F
1-1: Ball
2-1: Swinging Strike
2-2: Foul Ball, location: 2F
2-2: Foul Ball, location: 2F
2-2: Ground out 5-3 (Groundball, 56)
Top of the 3rd over - 0 run(s), 0 hit(s), 0 error(s), 0 left on base; St. Petersburg 5 - Elkford 0
BOTTOM OF THE 3RD
Elkford Roadrunners batting - Pitching for St. Petersburg Universe : RHP Allen Wilson
Batting: RHB Michael Martin 0-0: Called Strike
0-1: Foul Ball, location: 2F
0-2: Ball
1-2: Strikes out swinging
Batting: RHB Jack O'Brien 0-0: Ball
1-0: Foul Ball, location: 2F
1-1: Ball
2-1: Ball
3-1: Base on Balls
Batting: RHB Bartolo Liñares 0-0: Ball
1-0: Fly out, F4 (Popup, 3D)
Batting: RHB Don Thomas 0-0: Ball
1-0: Fielders Choice at 2nd, U6 (Groundball, 6M)
Bottom of the 3rd over - 0 run(s), 0 hit(s), 0 error(s), 1 left on base; St. Petersburg 5 - Elkford 0
TOP OF THE 4TH
St. Petersburg Universe batting - Pitching for Elkford Roadrunners : RHP Franklin Johnson
Batting: RHB Travis Lee 0-0: Called Strike
0-1: Called Strike
0-2: Foul Ball, location: 2F
0-2: Strikes out swinging
Batting: RHB Sam Horton 0-0: SINGLE (Groundball, 6M) (infield hit)
Batting: RHB Fernando Castro 0-0: Ball
1-0: Foul Ball, location: 2F
1-1: Ball
2-1: Ball
3-1: Fly out, F5 (Popup, 5F)
Batting: RHB Jeffrey Avery 0-0: Ball
Sam Horton steals 2nd base
1-0: Ball
2-0: Called Strike
2-1: Foul Ball, location: 2F
2-2: Ball
3-2: Strikes out looking
Top of the 4th over - 0 run(s), 1 hit(s), 0 error(s), 1 left on base; St. Petersburg 5 - Elkford 0
BOTTOM OF THE 4TH
Elkford Roadrunners batting - Pitching for St. Petersburg Universe : RHP Allen Wilson
Batting: RHB Joaquín Chávez 0-0: Ball
1-0: Ball
2-0: Called Strike
2-1: Ground out 5-3 (Groundball, 5)
Batting: RHB Jim Lee 0-0: Called Strike
0-1: Ball
1-1: Foul Ball, location: 2F
1-2: Strikes out swinging
Batting: RHB Jim Unknown 0-0: Foul Ball, location: 2F
0-1: SINGLE (Line Drive, 8LS)
Batting: LHB Derek Morse 0-0: Called Strike
0-1: Ball
1-1: Foul Ball, location: 2F
1-2: Fly out, F7 (Flyball, 78M)
Bottom of the 4th over - 0 run(s), 1 hit(s), 0 error(s), 1 left on base; St. Petersburg 5 - Elkford 0
TOP OF THE 5TH
St. Petersburg Universe batting - Pitching for Elkford Roadrunners : RHP Franklin Johnson
Pitching: RHP Curt Timperley
Batting: SHB Frank Hood 0-0: Foul Ball, location: 2F
0-1: SOLO HOME RUN (Flyball, 78XD), Distance : 426 ft
Batting: RHB Marvin Collier 0-0: Ground out 4-3 (Groundball, 4)
Batting: LHB Curtis Peters 0-0: Called Strike
0-1: Ball
1-1: Ball
2-1: Swinging Strike
2-2: Strikes out swinging
Batting: RHB Carlos Santos 0-0: Ball
1-0: Ball
2-0: Called Strike
2-1: Swinging Strike
2-2: Strikes out looking
Top of the 5th over - 1 run(s), 1 hit(s), 0 error(s), 0 left on base; St. Petersburg 6 - Elkford 0
BOTTOM OF THE 5TH
Elkford Roadrunners batting - Pitching for St. Petersburg Universe : RHP Allen Wilson
Batting: RHB Jake Castle 0-0: Foul Ball, location: 2F
0-1: Fly out, F6 (Popup, 78S)
Batting: RHB Michael Martin 0-0: Called Strike
0-1: Ball
1-1: Ball
2-1: Reached on error, E3 (Groundball, 3)
Batting: RHB Jack O'Brien 0-0: Ball
1-0: Ball
2-0: Ball
3-0: Called Strike
3-1: Foul Ball, location: 2F
3-2: Foul Ball, location: 2F
3-2: Base on Balls
Michael Martin to second
Batting: RHB Bartolo Liñares 0-0: Ball
1-0: Foul Ball, location: 2F
1-1: Swinging Strike
1-2: SINGLE (Groundball, 34D)
Michael Martin to third
Jack O'Brien to second
Runner from 3rd tries for Home, SAFE, throw made home
Jack O'Brien to third
Bartolo Liñares to second
Batting: RHB Don Thomas 0-0: Ball
1-0: Ball
2-0: Ball
3-0: Foul Ball, location: 2F
3-1: Foul Ball, location: 2F
3-2: SINGLE (Groundball, 56D)
Jack O'Brien scores
Bartolo Liñares to third
Runner from 3rd tries for Home, SAFE, throw made home
Don Thomas to second
Batting: RHB Joaquín Chávez 0-0: Called Strike
0-1: Called Strike
0-2: Ball
1-2: Strikes out swinging
Batting: RHB Jim Lee 0-0: Foul Ball, location: 2F
0-1: SINGLE (Line Drive, 8LS)
Don Thomas to third
Runner from 3rd tries for Home, SAFE, no throw or cutoff
Batting: RHB Jim Unknown 0-0: Ball
1-0: SINGLE (Flyball, 78S)
Jim Lee to second
Batting: LHB Derek Morse 0-0: Called Strike
0-1: Swinging Strike
0-2: Ball
1-2: Ball
2-2: Fly out, F7 (Flyball, 7M)
Bottom of the 5th over - 4 run(s), 4 hit(s), 1 error(s), 2 left on base; St. Petersburg 6 - Elkford 4
TOP OF THE 6TH
St. Petersburg Universe batting - Pitching for Elkford Roadrunners : RHP Curt Timperley
Batting: RHB Júlio Santos 0-0: Ball
1-0: Foul Ball, location: 2F
1-1: Ball
2-1: Swinging Strike
2-2: SINGLE (Flyball, 7LS)
Batting: RHB Travis Lee 0-0: Ball
1-0: Ball
2-0: Called Strike
2-1: Swinging Strike
2-2: Foul Ball, location: 2F
2-2: Strikes out swinging
Batting: RHB Sam Horton 0-0: Called Strike
0-1: Ball
1-1: Ball
2-1: Ball
Wild Pitch!
Júlio Santos to second
3-1: Intentional Walk
Batting: RHB Fernando Castro 0-0: Foul Ball, location: 2F
0-1: Ball
1-1: SINGLE (Groundball, 56)
Júlio Santos to third
Sam Horton to second
Batting: RHB Jeffrey Avery 0-0: Ball
1-0: Ball
2-0: Called Strike
2-1: Swinging Strike
2-2: Ball
3-2: Base on Balls
Júlio Santos scores
Sam Horton to third
Fernando Castro to second
Pitching: LHP Cristóbal Rodríguez
Batting: SHB Frank Hood 0-0: Ball
1-0: Ball
2-0: Swinging Strike
2-1: Foul Ball, location: 2F
2-2: GRAND SLAM HOME RUN (Line Drive, 7D) (Inside the Park)
Batting: RHB Marvin Collier 0-0: Ball
1-0: Swinging Strike
1-1: Ball
2-1: Foul Ball, location: 2F
2-2: Foul Ball, location: 2F
2-2: Ball
3-2: Base on Balls
Batting: LHB Curtis Peters 0-0: Ball
1-0: Swinging Strike
1-1: Foul Ball, location: 2F
1-2: Foul Ball, location: 2F
1-2: Hit by Pitch
Marvin Collier to second
Batting: RHB Carlos Santos 0-0: Called Strike
0-1: Called Strike
0-2: Ball
1-2: Ball
2-2: Ball
3-2: Strikes out looking
Batting: RHB Júlio Santos 0-0: Called Strike
0-1: Swinging Strike
0-2: Ball
1-2: Strikes out looking
Top of the 6th over - 5 run(s), 3 hit(s), 0 error(s), 2 left on base; St. Petersburg 11 - Elkford 4
BOTTOM OF THE 6TH
Elkford Roadrunners batting - Pitching for St. Petersburg Universe : RHP Allen Wilson
Batting: RHB Jake Castle 0-0: Called Strike
0-1: Swinging Strike
0-2: Ground out U3 (Groundball, 3)
Batting: RHB Michael Martin 0-0: Foul Ball, location: 2F
0-1: Foul Ball, location: 2F
0-2: SINGLE (Flyball, 4D)
Batting: RHB Jack O'Brien 0-0: Called Strike
0-1: Ball
1-1: Swinging Strike
1-2: SINGLE (Groundball, 3L)
Michael Martin to second
Runner from 2nd tries for 3rd, SAFE, throw made to third
Batting: RHB Bartolo Liñares 0-0: Ball
1-0: Reached on error, E5 (Groundball, 5L)
Michael Martin scores
Jack O'Brien to second
Batting: RHB Don Thomas 0-0: SINGLE (Groundball, 56D)
Jack O'Brien to third
Bartolo Liñares to second
Runner from 3rd tries for Home, SAFE, throw made home
Bartolo Liñares to third
Don Thomas to second
Pitching: RHP Pablo Navarro
Batting: RHB Joaquín Chávez 0-0: Ball
1-0: Ball
2-0: SINGLE (Line Drive, 4MD)
Bartolo Liñares scores
Don Thomas to third
Batting: RHB Jim Lee 0-0: Ball
1-0: Grounds into double play, U6-3 (Groundball, 6)
Bottom of the 6th over - 3 run(s), 4 hit(s), 1 error(s), 1 left on base; St. Petersburg 11 - Elkford 7
TOP OF THE 7TH
St. Petersburg Universe batting - Pitching for Elkford Roadrunners : LHP Cristóbal Rodríguez
Batting: RHB Travis Lee 0-0: Ball
1-0: Ground out 1-3 (Groundball, 13S)
Batting: RHB Sam Horton 0-0: Foul Ball, location: 2F
0-1: Ball
1-1: Ball
2-1: Swinging Strike
2-2: Fly out, F8 (Flyball, 89M)
Batting: RHB Fernando Castro 0-0: Called Strike
0-1: SINGLE (Flyball, 89S)
Batting: RHB Jeffrey Avery 0-0: Ball
1-0: SINGLE (Line Drive, 4MD)
Fernando Castro to second
Runner from 2nd tries for 3rd, SAFE, throw made to third
Jeffrey Avery to second
Batting: SHB Frank Hood 0-0: Ball
1-0: Ball
2-0: Ball
3-0: Called Strike
3-1: Swinging Strike
3-2: Base on Balls
Pitching: RHP José Cortés
Batting: RHB Marvin Collier 0-0: SINGLE (Line Drive, 8RS)
Fernando Castro scores
Jeffrey Avery to third
Frank Hood to second
Runner from 3rd tries for Home, SAFE, no throw or cutoff
Batting: LHB Curtis Peters 0-0: Ball
1-0: Ground out 1-3 (Groundball, 13S)
Top of the 7th over - 2 run(s), 3 hit(s), 0 error(s), 2 left on base; St. Petersburg 13 - Elkford 7
BOTTOM OF THE 7TH
Elkford Roadrunners batting - Pitching for St. Petersburg Universe : RHP Pablo Navarro
Now at C: Vincent Parker
Batting: RHB Jim Unknown 0-0: Ground out 5-3 (Groundball, 56)
Batting: LHB Derek Morse 0-0: Called Strike
0-1: Ball
1-1: Called Strike
1-2: Ball
2-2: Ball
3-2: Ground out 4-3 (Groundball, 4)
Batting: RHB Jake Castle 0-0: Called Strike
0-1: Fly out, F7 (Popup, 7S)
Bottom of the 7th over - 0 run(s), 0 hit(s), 0 error(s), 0 left on base; St. Petersburg 13 - Elkford 7
TOP OF THE 8TH
St. Petersburg Universe batting - Pitching for Elkford Roadrunners : RHP José Cortés
Batting: RHB Carlos Santos 0-0: Called Strike
0-1: Swinging Strike
0-2: Strikes out swinging
Batting: RHB Vincent Parker 0-0: Ball
1-0: Ball
2-0: Foul Ball, location: 2F
2-1: Foul Ball, location: 2F
2-2: Ground out 6-3 (Groundball, 6M)
Batting: RHB Travis Lee 0-0: Called Strike
0-1: Ball
1-1: Foul Ball, location: 2F
1-2: Ball
2-2: SINGLE (Groundball, 56D) (infield hit)
Batting: RHB Sam Horton 0-0: Ball
1-0: Called Strike
1-1: Fly out, F8 (Flyball, 8RM)
Top of the 8th over - 0 run(s), 1 hit(s), 0 error(s), 1 left on base; St. Petersburg 13 - Elkford 7
BOTTOM OF THE 8TH
Elkford Roadrunners batting - Pitching for St. Petersburg Universe : RHP Pablo Navarro
Batting: RHB Michael Martin 0-0: SINGLE (Line Drive, 6M)
Batting: RHB Jack O'Brien 0-0: Called Strike
0-1: Ball
1-1: Ball
2-1: Ball
3-1: Foul Ball, location: 2F
3-2: Foul Ball, location: 2F
3-2: Foul Ball, location: 2F
3-2: Foul Ball, location: 2F
3-2: Strikes out swinging
Pitching: LHP Michael Petty
Batting: RHB Bartolo Liñares 0-0: Called Strike
0-1: Ball
1-1: Ball
2-1: DOUBLE (Line Drive, 78M)
Michael Martin to third
Runner from 3rd tries for Home, SAFE, no throw or cutoff
Batting: RHB Don Thomas 0-0: Foul Ball, location: 2F
0-1: Ball
1-1: Ball
2-1: Ground out 5-3 (Groundball, 56)
Batting: RHB Joaquín Chávez 0-0: Called Strike
0-1: Called Strike
0-2: Strikes out swinging
Bottom of the 8th over - 1 run(s), 2 hit(s), 0 error(s), 1 left on base; St. Petersburg 13 - Elkford 8
TOP OF THE 9TH
St. Petersburg Universe batting - Pitching for Elkford Roadrunners : RHP José Cortés
Pitching: RHP Carl Flowers
Batting: RHB Fernando Castro 0-0: Called Strike
0-1: Foul Ball, location: 2F
0-2: Ball
1-2: Ball
2-2: Foul Ball, location: 2F
2-2: Fly out, F9 (Line Drive, 89S)
Pitching: RHP Reese Myers
Batting: RHB Jeffrey Avery 0-0: Ball
1-0: Called Strike
1-1: Ball
2-1: Called Strike
2-2: Strikes out swinging
Pitching: LHP Jim Unknown
Batting: SHB Frank Hood 0-0: Ball
1-0: Ball
2-0: Ball
3-0: Base on Balls
Batting: RHB Marvin Collier 0-0: Called Strike
0-1: Foul Ball, location: 2F
0-2: Ground out 5-3 (Groundball, 5S)
Top of the 9th over - 0 run(s), 0 hit(s), 0 error(s), 1 left on base; St. Petersburg 13 - Elkford 8
BOTTOM OF THE 9TH
Elkford Roadrunners batting - Pitching for St. Petersburg Universe : LHP Michael Petty
Batting: RHB Jim Lee 0-0: Called Strike
0-1: Fly out, F3 (Popup, 23F)
Batting: RHB Jim Unknown 0-0: Ball
1-0: Swinging Strike
1-1: Ball
2-1: Foul Ball, location: 2F
2-2: Strikes out looking
Batting: LHB Derek Morse 0-0: Called Strike
0-1: Ball
1-1: Called Strike
1-2: Strikes out swinging
Bottom of the 9th over - 0 run(s), 0 hit(s), 0 error(s), 0 left on base; St. Petersburg 13 - Elkford 8
This league is powered by Out of the Park Baseball, the baseball management simulation game for PC, Mac and Linux
Saturday, February 27th, 2021 - OOTP Baseball 15.6 Build 34